 Dungeon Crawl Stone Soup version 0.30-a0-424-g7412bad402 (webtiles) character file.

Game seed: 3391425651571882466

709 zishaf the Gusty (level 7, 0/43 HPs)
             Began as a Tengu Air Elementalist on Dec 9, 2022.
             Was a Follower of Vehumet.
             Slain by a gnoll bouda
             ... wielding a +0 club
              (6 damage)
             ... on level 5 of the Dungeon.
             The game lasted 00:04:51 (5715 turns).

zishaf the Gusty (Tengu Air Elementalist)           Turns: 5715, Time: 00:04:51

Health: 0/43       AC:  5    Str:  8    XL:     7   Next: 68%
Magic:  7/12       EV: 14    Int: 26    God:    Vehumet [*.....]
Gold:   290        SH:  0    Dex: 14    Spells: 4/11 levels left

rFire   . . .      SeeInvis .    r - +1 short sword (protect)
rCold   . . .      Faith    .    (no shield)
rNeg    + . .      Spirit   .    k - +2 leather armour of Valiance {Int+8 Stlth-}
rPois   .          Reflect  .    (helmet restricted)
rElec   .          Harm     .    (no cloak)
rCorr   .          Rampage  .    (no gloves)
Will    .....                    (boots unavailable)
Stlth   +.........               (no amulet)
HPRegen 0.27/turn                d - ring of positive energy
MPRegen 0.13/turn                i - ring of wizardry

@: weakened, flying quickly and evasively, quick
A: beak, talons 3, nimble flight
a: Renounce Religion


You were on level 5 of the Dungeon.
You worshipped Vehumet.
Vehumet was aware of your devotion.
You visited 1 branch of the dungeon, and saw 5 of its levels.

You collected 290 gold pieces.

Inventory:

Hand Weapons
 r - a +1 short sword of protection (weapon)
Armour
 a - a +0 robe
 k - the +2 leather armour of Valiance (worn) {Int+8 Stlth-}
   (You found it on level 2 of the Dungeon)

   Int:       It affects your intelligence (+8).
   Stlth:     It makes you less stealthy.
Jewellery
 d - a ring of positive energy (left hand)
 i - a ring of wizardry (right hand)
Wands
 o - a wand of polymorph (8)
 s - a wand of charming (11)
Scrolls
 c - a scroll of amnesia
 n - 2 scrolls of poison
Potions
 b - a potion of magic
 e - 3 potions of attraction
 g - a potion of curing
 h - a potion of resistance
 j - 2 potions of heal wounds
 p - a potion of mutation
 q - a potion of lignification
 u - a potion of brilliance {unknown}
 v - a potion of cancellation {unknown}


   Skills:
 + Level 4.3 Fighting
 - Level 2.1 Dodging
 - Level 2.0 Stealth
 + Level 2.7 Spellcasting
 + Level 6.0 Conjurations
 + Level 7.2 Air Magic


You had 4 spell levels left.
You knew the following spells:

 Your Spells              Type           Power      Damage    Failure   Level
a - Shock                 Conj/Air       100%       1d9       1%          1
b - Airstrike             Air            20%        2d(3-19)  3%          4
A - Static Discharge      Conj/Air       74%        2-6/arc   1%          2

Your spell library contained the following spells:

 Spells                   Type           Power      Damage    Failure   Level
 Kiss of Death            Conj/Necr      76%        2d11      1%          1
 Swiftness                Air            40%        N/A       1%          3
 Hailstorm                Conj/Ice       19%        3d6       4%          3
 Slow                     Hex            12%        N/A       6%          1
 Call Canine Familiar     Summ           3%         N/A       16%         3
 Confusing Touch          Hex            3%         N/A       16%         3
 Lesser Beckoning         Tloc           6%         N/A       16%         3
 Portal Projectile        Hex/Tloc       6%         N/A       16%         3
 Vampiric Draining        Necr           3%         2d6       16%         3
 Leda's Liquefaction      Hex/Erth       1%         N/A       45%         4
 Summon Forest            Summ/Tloc      1%         N/A       80%         5
 Polar Vortex             Ice            1%         N/A       100%        9


Dungeon Overview and Level Annotations

Branches:
Dungeon (5/15)
 Temple: D:4-7

Altars:
Gozag
Vehumet

Shops:
D:5 :


Innate Abilities, Weirdness & Mutations

You have a beak for a mouth.
You have claws for feet.
Your magical nature lets you fly swiftly and evasively.


Message History

Your peck misses the gnoll.
The gnoll is severely wounded.
The gnoll hits you with a +0 spear.
You feel better.
The gnoll zaps a wand.
Your will is overpowered!
You are confused.
The gnoll barely misses you.
The gnoll bouda hits you with a +0 club.
You feel better.
The gnoll zaps a wand.
You resist with some effort. The gnoll hits you with a +0 club.
The gnoll misses you.
The gnoll bouda hits you with a +0 club!
Casting: Shock (safe; 1% risk of failure)
Confirm with . or Enter, or press ? or * to list all spells.
The gnoll is struck by an arc of lightning.
The gnoll is heavily wounded.
The gnoll is struck by an arc of lightning.
The gnoll is lightly wounded.
The gnoll is struck by an arc of lightning.
The gnoll is severely wounded.
The gnoll bouda is struck by an arc of lightning.
The gnoll bouda is moderately wounded.
The gnoll is struck by an arc of lightning.
The gnoll is moderately wounded.
The lightning grounds out.
The gnoll is struck by an arc of lightning.
The gnoll is heavily wounded.
The gnoll is struck by an arc of lightning.
You kill the gnoll!
Vehumet accepts your kill.
You are struck by an arc of lightning.
The gnoll is struck by an arc of lightning.
The gnoll is almost dead.
You are struck by an arc of lightning.
The lightning grounds out.
The gnoll barely misses you. The gnoll hits you with a +0 whip!
* * * LOW HITPOINT WARNING * * *
The gnoll hits you with a +0 spear!
* * * LOW HITPOINT WARNING * * *
The gnoll bouda gazes fiercely through you!
You feel your attacks grow feeble.
The gnoll bouda hits you with a +0 club.
You die...

........#####.........#.##.......
........≈≈.≈≈.........+..#.......
.......≈≈≈.≈≈≈........#..#.......
.......≈≈⌠.⌠≈≈........#..#.......
..........∩...........#..#.......
.......≈≈⌠.⌠≈≈........####.......
.####'#≈≈≈.≈≈≈#'###'#.)....#####+
.....≈≈.≈≈..gg...#......#.....
.............g@...#......#.....
...............g..#......#.....
.##+#########...##......#..##.
#÷..#......##..##.
#...#......#...'..
#...'......#...#..
#...#......#######
#####............. #.............


You could see a gnoll bouda and 3 gnolls.

Vanquished Creatures
  A black bear (D:5)
  An ogre (D:5)
  A howler monkey (D:5)
  3 orc priests
  A jelly (D:4)
  Jessica (D:3)
  Natasha (thrice) (D:2)
  3 iguanas
  6 gnolls
  7 adders
  13 orcs
  2 ball pythons (D:3)
  6 bats
  6 endoplasms
  4 giant cockroaches
  9 goblins
  4 hobgoblins
  10 jackals
  5 quokkas
  6 frilled lizards
  3 kobolds
  5 rats
100 creatures vanquished.

Vanquished Creatures (others)
  9 fungi (D:5)
9 creatures vanquished.

Grand Total: 109 creatures vanquished

Notes
Turn   | Place    | Note
-------+----------+-------------------------------------------
     0 | D:1      | zishaf the Tengu Air Elementalist began the quest for the
                  | Orb.
     0 | D:1      | Reached XP level 1. HP: 10/10 MP: 4/4
   309 | D:1      | Reached XP level 2. HP: 16/16 MP: 4/6
   521 | D:1      | Found a faded altar of an unknown god.
   645 | D:1      | Reached skill level 1 in Fighting
   965 | D:1      | Got the Incunabulum of Cold and the Map
  1508 | D:2      | Reached XP level 3. HP: 20/20 MP: 4/7
  1511 | D:2      | Learned a level 2 spell: Static Discharge
  1920 | D:2      | Identified the +2 leather armour of Valiance {Int+8 Stlth-}
  1943 | D:2      | Reached XP level 4. HP: 26/26 MP: 4/8
  2138 | D:2      | Noticed Natasha
  2145 | D:2      | Killed Natasha
  2146 | D:2      | Reached skill level 5 in Air Magic
  2403 | D:2      | Noticed Natasha
  2413 | D:2      | Killed Natasha
  2414 | D:2      | Gained mutation: Your magical nature lets you fly swiftly
                  | and evasively. [Tengu growth]
  2414 | D:2      | Reached XP level 5. HP: 29/31 MP: 0/9
  3050 | D:2      | Noticed Natasha
  3055 | D:2      | Killed Natasha
  3471 | D:3      | Noticed Jessica
  3476 | D:3      | Killed Jessica
  3750 | D:3      | Found a radiant altar of Vehumet.
  3784 | D:3      | Became a worshipper of Vehumet
  3862 | D:3      | Reached XP level 6. HP: 37/37 MP: 6/10
  3933 | D:3      | Reached skill level 6 in Air Magic
  4053 | D:4      | Learned a level 4 spell: Airstrike
  4423 | D:4      | Found an opulent altar of Gozag.
  4531 | D:4      | Reached skill level 5 in Conjurations
  4799 | D:5      | Entered Level 5 of the Dungeon
  4842 | D:5      | Reached * piety under Vehumet
  4842 | D:5      | Offered knowledge of Kiss of Death by Vehumet.
  4929 | D:5      | Reached XP level 7. HP: 41/42 MP: 5/11
  5250 | D:5      | Found Ugasa's Self-Improvement Boutique.
  5423 | D:5      | Reached skill level 7 in Air Magic
  5715 | D:5      | Slain by a gnoll bouda

Illustrated notes

Levels and vault maps discovered:
D:1:      dpeg_arrival_arbitrary_b, layout_basic,
          shapermc_ecumenical_altar_ellora
D:2:      layout_basic, minmay_bisected, uniq_natasha
D:3:      layout_loops_ring, nicolae_vehumet_altar_sigil, uniq_jessica
D:4:      layout_cave_pools, grunt_gozag_breadcrumbs
D:5:      layout_gridville, mainiacjoe_overflow_boulevard,
          nicolae_shop_self_help

Skill      XL: |  1  2  3  4  5  6  7 |
---------------+----------------------+-----
Conjurations   | 2 3 4 5 6 |  6.0
Fighting       | 1 2 3 4 |  4.3
Air Magic      | 5 6 7 |  7.2
Dodging        | |  2.1
Stealth        | |  2.0
Spellcasting   | |  2.7

Action                   |  1- 3 |  4- 6 |  7- 9 || total
-------------------------+-------+-------+-------++-------
Melee: Unarmed           |    17 |     2 |       ||    19
       Peck              |     2 |     4 |     5 ||    11
       Kick              |     1 |     2 |     8 ||    11
       Punch             |     1 |       |       ||     1
       Short sword       |       |    14 |    22 ||    36
 Cast: Shock             |    65 |   125 |    27 ||   217
       Static Discharge  |       |     4 |     6 ||    10
  Use: Scroll            |       |     9 |     2 ||    11
       Potion            |       |       |     2 ||     2
Armor: Robe              |     6 |       |       ||     6
       Leather armour    |       |     7 |    14 ||    21
Dodge: Dodged            |     8 |    35 |    27 ||    70

Table legend: (Time is in decaauts)
 A = Elapsed time spent in this place.
 B = Non-inter-level travel time spent in this place.
 C = Inter-level travel time spent in this place.
 D = Time resting spent in this place.
 E = Time spent auto-exploring this place.
 F = Levels seen in this place.
 G = Mean time per level.
                   A        B        C        D        E       F      G
               +--------+--------+--------+--------+--------+-----+--------+
         Total |   5531 |   5400 |    131 |    218 |   4668 |   5 | 1106.2 |
       Dungeon |   5531 |   5400 |    131 |    218 |   4668 |   5 | 1106.2 |
               +--------+--------+--------+--------+--------+-----+--------+

Top non-repeatable levels by time:
     D:2: 1577 daAuts
     D:1: 1487 daAuts
     D:3: 957 daAuts
     D:5: 867 daAuts
     D:4: 642 daAuts
